 Dungeon Crawl Stone Soup version 0.28.0 (webtiles) character file.

Game seed: 5909473971396334085

164 RighteousDevil the Caller (level 5, -2/38 HPs)
             Began as a Barachi Summoner on Feb 12, 2022.
             Was a Follower of the Shining One.
             Succumbed to a goblin's poison
             ... on level 2 of the Dungeon.
             The game lasted 00:08:42 (3314 turns).

RighteousDevil the Caller (Barachi Summoner)        Turns: 3314, Time: 00:08:43

Health: -2/38      AC: 10    Str: 11    XL:     5   Next: 45%
Magic:  4/10       EV: 12    Int: 18    God:    the Shining One [*.....]
Gold:   386        SH:  0    Dex: 13    Spells: 3/10 levels left

rFire   . . .      SeeInvis .   c - +0 dagger
rCold   . . .      Faith    .   (no shield)
rNeg    . . .      Spirit   .   b - +1 leather armour of Nuicowko {Int+3 Stlth+}
rPois   .          Reflect  .   a - +0 helmet
rElec   +          Harm     .   j - +2 cloak {Will+}
rCorr   .          Rampage  .   i - +0 pair of gloves "Omuweann" {rElec}
Will    +....                   g - +0 pair of boots
Stlth   +.........              (no amulet)
HPRegen 0.12/turn               (no ring)
MPRegen 0.12/turn               (no ring)

@: lethally poisoned (-2 -> -29), unable to hop, glowing, slow
A: amphibious, slowness 1, strong legs 1, +LOS
a: Hop, Renounce Religion, Divine Shield


You were on level 2 of the Dungeon.
You worshipped the Shining One.
The Shining One was aware of your devotion.
You visited 1 branch of the dungeon, and saw 3 of its levels.

You collected 1263 gold pieces.
You spent 877 gold pieces at shops.

Inventory:

Hand Weapons
 c - a +0 dagger (weapon)
Missiles
 e - 6 poisoned darts
Armour
 a - a +0 helmet (worn)
 b - the +1 leather armour of Nuicowko (worn) {Int+3 Stlth+}
   (You bought it in a shop on level 3 of the Dungeon)

   Int:       It affects your intelligence (+3).
   Stlth:     It makes you more stealthy.
 g - a +0 pair of boots (worn)
 i - the +0 pair of gloves "Omuweann" (worn) {rElec}
   (You bought it in a shop on level 3 of the Dungeon)

   rElec:     It insulates you from electricity.
 j - a +2 cloak of willpower (worn)


   Skills:
 + Level 2.1 Fighting
 + Level 2.4 Armour
 - Level 2.6 Dodging
 - Level 2.1 Stealth
 + Level 3.3 Spellcasting
 + Level 5.7 Summonings


You had 3 spell levels left.
You knew the following spells:

 Your Spells              Type           Power      Damage    Failure   Level
a - Summon Small Mammal   Summ           92%        N/A       1%          1
b - Call Canine Familiar  Summ           23%        N/A       6%          3
c - Summon Guardian Gole  Hex/Summ       13%        N/A       19%         3

Your spell library contained the following spells:

 Spells                   Type           Power      Damage    Failure   Level
 Call Imp                 Summ           23%        N/A       3%          2
 Summon Lightning Spire   Summ/Air       13%        N/A       54%         4


Dungeon Overview and Level Annotations

Branches:
Dungeon (3/15)

Altars:
Qazlal
The Shining One

Shops:
D:3 [


Innate Abilities, Weirdness & Mutations

You are amphibious.
You cover ground slowly.
You can hop short distances.
You have an extended range of vision and can be seen from far away.


Message History

You are more poisoned.
Your hound barely misses the adder.
The adder closely misses you.
You hit the goblin but do no damage.
The goblin is moderately wounded.
You feel very sick.
Your hound closely misses the adder.
The goblin barely misses you. The adder barely misses you.
Your hound closely misses the adder.
You barely miss the goblin.
The goblin is moderately wounded.
You feel very sick. The adder bites you but does no damage.
The goblin hits you but does no damage.
You are lethally poisoned!
Your hound bites the adder.
Your magical contamination has completely faded away.
Unknown command.
You hit the adder.
The adder is moderately wounded.
You feel very sick. The adder closely misses you.
Your hound bites the adder.
The goblin hits you but does no damage.
You are more poisoned.
The adder bites you but does no damage.
Your hound closely misses the adder.
You closely miss the adder.
The adder is almost dead.
* * * LOW HITPOINT WARNING * * *
You feel very sick. The goblin hits you but does no damage.
You are more poisoned.
The adder barely misses you.
Your hound closely misses the adder.
Hop to where?
Press: ? - help, Dir - move target Boing!
* * * LOW HITPOINT WARNING * * *
You feel extremely sick.
Your hound bites the adder.
The adder barely misses your hound.
Your hound closely misses the adder.
You aren't carrying any potions.
You aren't carrying any scrolls.
You aren't carrying any items that you can evoke.
You die...

#.........# ##.## #..<.>....# #.#
##.........####.##
.................#
##.........####..# ##.########
##..# ## ###.# #...# #. ....###
###...### #. ###...#
#....@..########### #. ###.#
#.......hSg.......# #. #.#
#.......#########.# #. #####.#
###...### #.# #.
....#.########....##########.###.
###.#...........#................
#....########....###.######.###.
#..#.#########..##.....# #..##.
#..........# #..##..[..#####.##.


You could see an adder (ally target), a goblin and a friendly hound (summoned).

Vanquished Creatures
  2 adders (D:2)
  A dart slug (D:3)
  3 bats
  3 hobgoblins
  2 goblins (D:2)
  A rat (D:1)
12 creatures vanquished.

Vanquished Creatures (collateral kills)
  An ice beast (D:3)
  An adder (D:3)
  2 dart slugs
  4 endoplasms
  2 goblins
  5 hobgoblins
  3 kobolds
  A quokka (D:1)
  A ball python (D:1)
  A bat (D:1)
21 creatures vanquished.

Grand Total: 33 creatures vanquished

Notes
Turn   | Place    | Note
-------+----------+-------------------------------------------
     0 | D:1      | RighteousDevil the Barachi Summoner began the quest for the
                  | Orb.
     0 | D:1      | Reached XP level 1. HP: 13/13 MP: 3/3
   213 | D:1      | Found a faded altar of an unknown god.
   442 | D:1      | Prayed at the altar of an unknown god.
   442 | D:1      | Became a worshipper of the Shining One
   442 | D:1      | Reached * piety under the Shining One
   547 | D:1      | Reached XP level 2. HP: 11/19 MP: 1/5
   553 | D:1      | Reached skill level 5 in Summonings
  1570 | D:2      | Found a stormy altar of Qazlal.
  1584 | D:2      | Reached XP level 3. HP: 24/24 MP: 0/6
  1645 | D:2      | Learned a level 3 spell: Call Canine Familiar
  1713 | D:2      | Learned a level 3 spell: Summon Guardian Golem
  1840 | D:2      | Reached skill level 1 in Armour
  2735 | D:3      | Identified a scroll of acquirement
  2735 | D:3      | Acquired 1145 gold pieces
  2743 | D:3      | Found Ririraen's Armour Boutique.
  2751 | D:3      | Bought a +0 helmet for 58 gold pieces
  2751 | D:3      | Bought the +1 leather armour of Nuicowko {Int+3 Stlth+} for
                  | 300 gold pieces
  2751 | D:3      | Bought the +0 pair of gloves "Omuweann" {rElec} for 240
                  | gold pieces
  2751 | D:3      | Bought a +2 cloak of willpower for 279 gold pieces
  2986 | D:3      | Reached skill level 1 in Fighting
  2986 | D:3      | Reached XP level 4. HP: 32/32 MP: 5/8
  2987 | D:3      | Noticed an ice beast
  2999 | D:3      | Killed an ice beast
  3000 | D:3      | Reached XP level 5. HP: 20/38 MP: 3/9
  3314 | D:2      | Succumbed to a goblin's poison

Illustrated notes

Levels and vault maps discovered:
D:1:      kilobyte_arrival_exit_the_forest, layout_basic,
          ebering_ecumenical_altar_abandoned
D:2:      layout_loops_ring, basic_altar, minmay_goblin_outpost
D:3:      layout_loops_cross, makhleb_altar_promises_db, serial_shops, shop,
          ebering_ghost_sewer_f

Skill      XL: |  1  2  3  4 |
---------------+-------------+-----
Stealth        | 2 |  2.1
Summonings     | 5 |  5.7
Armour         | 1 2 |  2.4
Fighting       | 1 2 |  2.1
Spellcasting   | 3 |  3.3
Dodging        | |  2.6

Action                   |  1- 3 |  4- 6 || total
-------------------------+-------+-------++-------
Melee: Unarmed           |    11 |       ||    11
       Dagger            |    66 |    25 ||    91
       Punch             |     1 |       ||     1
 Cast: Summon Small Mamm |    52 |     1 ||    53
       Call Canine Famil |       |     4 ||     4
 Abil: Hop               |     1 |     2 ||     3
  Use: Scroll            |     3 |       ||     3
       Potion            |     1 |     1 ||     2
Armor: Robe              |     6 |       ||     6
       Ring mail         |    31 |       ||    31
       Leather armour    |     6 |    19 ||    25
Dodge: Dodged            |    59 |    32 ||    91
